 Dungeon Crawl Stone Soup version 0.26-a0-597-gb535b0901c (webtiles) character file.

Game seed: 8347397779503100981

62 kae the Chopper (level 4, 0/40 HPs)
             Began as a Hill Orc Abyssal Knight on Aug 26, 2020.
             Was a Follower of Lugonu.
             Slain by a worm (5 damage)
             ... on level 2 of the Dungeon.
             The game lasted 00:01:35 (1606 turns).

kae the Chopper (Hill Orc Abyssal Knight)           Turns: 1606, Time: 00:01:36

Health: 0/40       AC:  3    Str: 15    XL:     4   Next: 8%
Magic:  6/6        EV: 11    Int: 12    God:    Lugonu [*.....]
Gold:   80         SH:  0    Dex: 10    Spells: 3/3 levels left

rFire    + . .     SeeInvis .   a - +1 hand axe
rCold    + . .     Faith    .   (no shield)
rNeg     . . .     Spirit   .   b - +0 leather armour
rPois    +         Reflect  .   (no helmet)
rElec    +         Harm     .   (no cloak)
rCorr    +                      (no gloves)
MR       .....                  (no boots)
Stlth    +.........             (no amulet)
HPRegen  0.13/turn              (no ring)
MPRegen  0.10/turn              (no ring)

@: resistant
A: no striking features
a: Depart the Abyss, Renounce Religion


You were on level 2 of the Dungeon.
You worshipped Lugonu.
Lugonu was aware of your devotion.
You visited 1 branch of the dungeon, and saw 2 of its levels.
You visited the Abyss 1 time.

You collected 80 gold pieces.

Inventory:

Hand Weapons
 a - a +1 hand axe (weapon)
Armour
 b - a +0 leather armour (worn)
Jewellery
 h - an uncursed amulet of faith
Scrolls
 c - a scroll of teleportation {unknown}
 d - 3 scrolls of amnesia {unknown}
 e - 2 scrolls of magic mapping {unknown}
 f - a scroll of enchant armour {unknown}


   Skills:
 + Level 4.2 Fighting
 * Level 4.4 Axes
 - Level 2.1 Armour
 - Level 0.7 Dodging
 + Level 3.4 Invocations


You had 3 spell levels left.
You didn't know any spells.
Your spell library was empty.

Dungeon Overview and Level Annotations

Branches:
Dungeon (2/15)

Altars:
Sif Muna
Trog


Message History

You hit the worm.
The worm is almost dead.
The worm bites you!
* * * LOW HITPOINT WARNING * * *
You hit the worm.
The worm is almost dead.
You hit the worm but do no damage.
The worm is almost dead.
The worm bites you.
* * * LOW HITPOINT WARNING * * *
You hit the worm but do no damage.
The worm is almost dead.
The worm bites you but does no damage.
Okay, then.
You barely miss the worm.
The worm is almost dead.
It was a potion of resistance.
You feel protected. The worm bites you.
You die...

#.#.## ..
###.###.########
..# ##........
###.###.########
#.#..# #...## #
##...## ...
##.#.#.####..##
#<..?...@ws...#
##[#.#.####...#
#....## .# #.#.#
#.#.. # #.# ...
#.


You could see a worm and a giant cockroach.

Vanquished Creatures
  2 adders (D:2)
  2 oozes (D:1)
  A leopard gecko (D:1)
  8 bats
  2 giant cockroaches
  3 goblins (D:1)
  5 hobgoblins
  3 jackals (D:1)
  2 kobolds (D:1)
  2 frilled lizards (D:1)
  A rat (D:2)
31 creatures vanquished.

Notes
Turn   | Place    | Note
-------+----------+-------------------------------------------
     0 | Abyss:1  | kae the Hill Orc Abyssal Knight began the quest for the
                  | Orb.
     0 | Abyss:1  | Reached XP level 1. HP: 19/19 MP: 2/2
    51 | Abyss:1  | Noticed a wight
    60 | Abyss:1  | Noticed a small abomination
    62 | D:1      | Escaped the Abyss
   249 | D:1      | Reached XP level 2. HP: 18/27 MP: 4/4
   597 | D:1      | Reached XP level 3. HP: 23/33 MP: 5/5
   977 | D:1      | Reached * piety under Lugonu
  1187 | D:2      | Found a bloodstained altar of Trog.
  1255 | D:2      | Reached XP level 4. HP: 27/40 MP: 6/6
  1550 | D:2      | Found a shimmering blue altar of Sif Muna.
  1606 | D:2      | Slain by a worm

Illustrated notes

Levels and vault maps discovered:
D:1:      scummos_arrival_gate, layout_basic
D:2:      layout_loops_ring, overflow_temple_1_default, lemuel_blue_sif_altar,
          marbit_many_paths, uniq_natasha

Skill      XL: |  1  2  3 |
---------------+----------+-----
Axes           | 3 4 |  4.4
Invocations    | 3 |  3.4
Fighting       | 4 |  4.2
Armour         | |  2.1
Dodging        | |  0.7

Action                   |  1- 3 |  4- 6 || total
-------------------------+-------+-------++-------
Melee: Hand axe          |    84 |    20 ||   104
Invok: Depart the Abyss  |     1 |       ||     1
  Use: Scroll            |     1 |       ||     1
       Potion            |       |     1 ||     1
Armor: Leather armour    |    38 |     5 ||    43
Dodge: Dodged            |    52 |     9 ||    61

Table legend: (Time is in decaauts)
 A = Elapsed time spent in this place.
 B = Non-inter-level travel time spent in this place.
 C = Inter-level travel time spent in this place.
 D = Time resting spent in this place.
 E = Time spent auto-exploring this place.
 F = Levels seen in this place.
 G = Mean time per level.
                   A        B        C        D        E       F      G
               +--------+--------+--------+--------+--------+-----+--------+
         Total |   1617 |   1609 |      8 |    153 |   1238 |   3 |  539.0 |
       Dungeon |   1555 |   1547 |      8 |    153 |   1189 |   2 |  777.5 |
         Abyss |     62 |     62 |      0 |      0 |     49 |   1 |   62.0 |
               +--------+--------+--------+--------+--------+-----+--------+

Top non-repeatable levels by time:
     D:1: 1109 daAuts
     D:2: 445 daAuts
 Abyss:1: 62 daAuts
